 Dungeon Crawl Stone Soup version 0.30-a0-272-gf98c3da03f (webtiles) character file.

Game seed: 837593308075055817

50 lunkers the Firebug (level 4, -4/33 HPs)
             Began as a Meteoran Wanderer on Oct 16, 2022.
             Killed by divine providence
             ... invoked by an orc priest
              (12 damage)
             ... on level 3 of the Dungeon.
             The game lasted 00:02:00 (937 turns).

lunkers the Firebug (Meteoran Wanderer)              Turns: 937, Time: 00:02:01

Health: -4/33      AC:  3    Str: 12    XL:     4   Next: 24%
Magic:  3/9        EV: 12    Int: 17    God:
Gold:   56         SH:  0    Dex: 13    Spells: 7/8 levels left

rFire   . . .      SeeInvis .    f - +2 short sword (protect)
rCold   . . .      Faith    .    (no shield)
rNeg    . . .      Spirit   .    c - +0 robe
rPois   .          Reflect  .    (no helmet)
rElec   .          Harm     .    (no cloak)
rCorr   .          Rampage  .    d - +0 pair of gloves
Will    .....                    (no boots)
Stlth   +.........               (no amulet)
HPRegen 0.25/turn                (no ring)
MPRegen 0.11/turn                (no ring)

@: glowing
A: sense surroundings 1, otherworldly, glowing, explore regen
a: no special abilities


You were on level 3 of the Dungeon.
You visited 1 branch of the dungeon, and saw 3 of its levels.

You collected 56 gold pieces.

Inventory:

Hand Weapons
 a - a +0 dagger
 e - a +0 quarterstaff
 f - a +2 short sword of protection (weapon)
 g - a +2 dagger of venom
Armour
 c - a +0 robe (worn)
 d - a +0 pair of gloves (worn)
Wands
 l - a wand of mindburst (18)
Scrolls
 b - a scroll of vulnerability
 i - a scroll of poison {unknown}
 j - a scroll of magic mapping {unknown}
 k - a scroll of torment {unknown}
Potions
 h - a potion of might {unknown}


   Skills:
 - Level 1.2 Armour
 - Level 2.4 Dodging
 - Level 1.0 Stealth
 + Level 2.6 Spellcasting
 - Level 4.8 Fire Magic
 * Level 3.5 Earth Magic


You had 7 spell levels left.
You knew the following spells:

 Your Spells              Type           Power      Damage    Failure   Level
a - Sandblast             Erth           28%        2d8       4%          1

Your spell library contained the following spells:

 Spells                   Type           Power      Damage    Failure   Level
 Foxfire                  Conj/Fire      40%        2x1d6     7%          1
 Inner Flame              Hex/Fire       10%        N/A       21%         3
 Blink                    Tloc           4%         N/A       26%         2
 Stone Arrow              Conj/Erth      16%        3d8       26%         3
 Ignite Poison            Fire/Tmut/Pois 7%         N/A       28%         3
 Manifold Assault         Tloc           2%         N/A       87%         4
 Storm Form               Tmut/Air       1%         N/A       100%        7


Dungeon Overview and Level Annotations

Branches:
Dungeon (3/15) Zot: 830

Altars:


Innate Abilities, Weirdness & Mutations

You passively map a small area around you.
You are easily found by Zot.
You glow in the dark.
You regain HP and MP as you explore.


Message History

Casting: Sandblast (safe; 4% risk of failure)
Confirm with . or Enter, or press ? or * to list all spells.
The blast of sand hits the orc.
You kill the orc!
Casting: Sandblast (safe; 4% risk of failure)
Confirm with . or Enter, or press ? or * to list all spells.
The blast of sand hits the orc!
You kill the orc!
The orc priest mumbles some strange prayers to Beogh against you.
Beogh smites you!
* * * LOW HITPOINT WARNING * * *
Casting: Sandblast (safe; 4% risk of failure)
Confirm with . or Enter, or press ? or * to list all spells.
Aiming: Sandblast (safe; 4% risk of failure)
Press: ? - help, Shift-Dir - straight line, f - orc priest
Aim: an orc priest, wielding a +0 whip and wearing a +0 chain mail (87% to hit)
The blast of sand hits the orc priest.
The orc priest is lightly wounded.
The orc priest calls upon Beogh to heal the orc priest.
The orc priest's wounds heal themselves!
The orc priest calls down the wrath of Beogh upon you.
Beogh smites you!
* * * LOW HITPOINT WARNING * * *
Unknown command.
Casting: Sandblast (safe; 4% risk of failure)
Confirm with . or Enter, or press ? or * to list all spells.
Aiming: Sandblast (safe; 4% risk of failure)
Press: ? - help, Shift-Dir - straight line, f/p - orc priest
Aim: an orc priest, wielding a +0 whip and wearing a +0 chain mail (87% to hit)
The blast of sand hits the orc priest but does no damage.
Unknown command.
Casting: Sandblast (safe; 4% risk of failure)
Confirm with . or Enter, or press ? or * to list all spells.
Aiming: Sandblast (safe; 4% risk of failure)
Press: ? - help, Shift-Dir - straight line, f/p - orc priest
Aim: an orc priest, wielding a +0 whip and wearing a +0 chain mail (87% to hit)
The blast of sand hits the orc priest but does no damage.
The orc priest invokes the aid of Beogh against you.
Beogh smites you!
You die...

* ##....#
##.....##
##.......##
* ,
*#.........#
* ,
+.........+,
,
*#.........#
,
##.......##
* *
##.....## *
* ##.@o##
##o## * #.#
#)# , *#o# *
... , , ...
... * ,


You could see 2 orc priests and an orc.

Vanquished Creatures
  A worm (D:2)
  3 dart slugs
  3 orcs (D:3)
  3 ball pythons
  A bat (D:2)
  6 endoplasms
  2 giant cockroaches (D:1)
  3 goblins
  2 hobgoblins
  A quokka (D:1)
  3 frilled lizards
  5 kobolds (D:2)
  2 rats (D:1)
35 creatures vanquished.

Notes
Turn   | Place    | Note
-------+----------+-------------------------------------------
     0 | D:1      | lunkers the Meteoran Wanderer began the quest for the Orb.
     0 | D:1      | lunkers set off with the following items: a +0 dagger, a
                  | scroll of vulnerability, a +0 robe, a +0 pair of gloves;
                  | and the following spells available to memorise: Foxfire,
                  | Sandblast, Inner Flame, Ignite Poison, Stone Arrow.
     0 | D:1      | Reached XP level 1. HP: 14/14 MP: 3/3
     9 | D:1      | Learned a level 1 spell: Sandblast
    39 | D:1      | Reached XP level 2. HP: 18/20 MP: 1/5
   307 | D:1      | Reached XP level 3. HP: 26/26 MP: 3/7
   489 | D:1      | Glimpsed the power of Zot.
   824 | D:3      | Reached XP level 4. HP: 33/33 MP: 5/8
   937 | D:3      | Killed from afar by an orc priest

Illustrated notes

Levels and vault maps discovered:
D:1:      dpeg_arrival_central, layout_loops_ring, minmay_fountain_box,
          eino_curves_01, minmay_splitting_lines
D:2:      layout_basic, uniq_robin
D:3:      layout_loops_corners, serial_shops,
          nicolae_shop_temple_entry_statues_fountains

Skill      XL: |  1  2  3 |
---------------+----------+-----
Earth Magic    | 2 3 |  3.5
Spellcasting   | 2 |  2.6
Armour         | |  1.2
Dodging        | |  2.4
Stealth        | |  1.0
Fire Magic     | |  4.8

Action                   |  1- 3 |  4- 6 || total
-------------------------+-------+-------++-------
Melee: Dagger            |    30 |       ||    30
       Quarterstaff      |     1 |       ||     1
 Cast: Sandblast         |    53 |    11 ||    64
Armor: Robe              |    15 |       ||    15
Dodge: Dodged            |    23 |       ||    23

Table legend: (Time is in decaauts)
 A = Elapsed time spent in this place.
 B = Non-inter-level travel time spent in this place.
 C = Inter-level travel time spent in this place.
 D = Time resting spent in this place.
 E = Time spent auto-exploring this place.
 F = Levels seen in this place.
 G = Mean time per level.
                   A        B        C        D        E       F      G
               +--------+--------+--------+--------+--------+-----+--------+
         Total |    968 |    960 |      8 |      0 |    716 |   3 |  322.7 |
       Dungeon |    968 |    960 |      8 |      0 |    716 |   3 |  322.7 |
               +--------+--------+--------+--------+--------+-----+--------+

Top non-repeatable levels by time:
     D:1: 518 daAuts
     D:2: 267 daAuts
     D:3: 182 daAuts
